 Dungeon Crawl Stone Soup version 0.13-a0-1693-g8ac13c1 (webtiles) character file.

195 Koal the Ruinous (level 4, 0/24 HPs)
             Began as a Tengu Fire Elementalist on June 20, 2013.
             Slain by a centaur (8 damage)
             ... on Level 3 of the Dungeon.
             The game lasted 00:09:47 (1928 turns).

Koal the Ruinous (Tengu Fire Elementalist)          Turns: 1928, Time: 00:09:47

HP   0/24        AC  4     Str  9      XL: 4   Next: 24%
MP   4/8         EV 12     Int 16      God:
Gold 124         SH  0     Dex 14      Spells:  2 memorised,  1 level left

Res.Fire  : . . .   See Invis. : .   m - +2,+0 whip (drain)
Res.Cold  : . . .   Warding    : .   a - +0 robe
Life Prot.: . . .   Conserve   : .   (no shield)
Res.Poison: .       Res.Corr.  : .   e - +0 cap
Res.Elec. : .       Clarity    : .   x - +1 dwarf cloak
Sust.Abil.: . .     Spirit.Shd : .   (no gloves)
Res.Mut.  : .       Stasis     : .   (boots unavailable)
Res.Rott. : .       Flight     : .   (no amulet)
Saprovore : . . .                    (no ring)
                                     (no ring)

@: slightly resistant to hostile enchantments, fairly stealthy
A: beak, talons 3
a: no special abilities


You were on level 3 of the Dungeon.
You were hungry.

You visited 1 branch of the dungeon, and saw 3 of its levels.

You collected 104 gold pieces.

Inventory:

Hand weapons
 m - a +2,+0 whip of draining (weapon)
Missiles
 h - 54 poisoned needles
 Z - 25 stones (quivered)
Armour
 a - a +0 robe (worn)
 e - a +0 cap (worn)
 x - a +1 dwarven cloak (worn)
Comestibles
 c - a bread ration
 d - an apricot
 i - 2 meat rations
 q - a chunk of rat flesh
 v - 10 strawberries
 z - a chunk of giant gecko flesh
 C - a rotting chunk of giant gecko flesh
Scrolls
 g - 3 scrolls of identify {unknown}
 k - a scroll of enchant armour {unknown}
 l - a scroll of magic mapping {unknown}
 n - 3 scrolls of fear {unknown}
 o - 3 scrolls of curse armour {unknown}
 p - a scroll of noise {unknown}
 t - a scroll of teleportation {unknown}
 y - a scroll of amnesia {unknown}
 D - a scroll of recharging {unknown}
 E - a scroll of remove curse {unknown}
Potions
 f - a potion of porridge {unknown}
 j - 2 potions of heal wounds {unknown}
 r - a potion of degeneration {unknown}
 s - a potion of invisibility {unknown}
 u - a potion of curing {unknown}
 w - a potion of brilliance {unknown}
 A - a potion of poison {unknown}
 B - a potion of beneficial mutation {unknown}
Books
 b - a book of Flames

   Spells                             Type                      Level
   *Flame Tongue                      Conjuration/Fire             1
   Throw Flame                        Conjuration/Fire             2
   *Conjure Flame                     Conjuration/Fire             3
   Inner Flame                        Hexes/Fire                   3
   Sticky Flame                       Conjuration/Fire             4
   Fireball                           Conjuration/Fire             5


   Skills:
 - Level 2.1 Dodging
 - Level 2.0 Stealth
 + Level 1.2 Spellcasting
 * Level 4.2 Conjurations
 - Level 4.0 Fire Magic


You had one spell level left.
You knew the following spells:

 Your Spells              Type           Power        Failure   Level  Hunger
a - Flame Tongue          Conj/Fire      ##...        6%          1    ##.....
b - Conjure Flame         Conj/Fire      ##......     14%         3    ####...


Dungeon Overview and Level Annotations

Branches:
Dungeon (3/27)

Altars:
Okawaru


Innate Abilities, Weirdness & Mutations

You have a beak for a mouth.
You have claws for feet.


Message History

The centaur hits you!
You see here 3 arrows.
Casting: Conjure Flame
Confirm with . or Enter, or press ? or * to list all spells.
Aiming: Flame Tongue
Press: ? - help, Shift-Dir - straight line, f - centaur
Aim: a centaur The flame hits the centaur.
The centaur is moderately wounded.
The centaur hits you.
Casting: Flame Tongue
Confirm with . or Enter, or press ? or * to list all spells.
Aiming: Flame Tongue
Press: ? - help, Shift-Dir - straight line, f/p - centaur
Aim: a centaur (moderately wounded)
The flame hits the centaur.
The centaur is severely wounded.
You are feeling hungry.
The centaur hits you!
You die...

#.#.# .. #.. #.#.# # ###
#.#.# #. #.#.# #.
#.#.#############.
#.#...............
#######.################
.......c.>....... .....
#@# #### #.# ####### #.#
#.....# #.# #.....# #.#
#.....#######
#.####.....#......
#......<..........
############.##### #.# #


You could see a centaur.

Vanquished Creatures
  2 adders (D:2)
  2 giant geckos (D:3)
  4 giant cockroaches
  5 hobgoblins
  2 jackals (D:1)
  4 oozes
  A quokka (D:2)
  A ball python (D:1)
  8 bats
  5 giant newts
  4 goblins
  3 kobolds
  6 rats
47 creatures vanquished.

Notes
Turn   | Place    | Note
--------------------------------------------------------------
     0 | D:1      | Koal, the Tengu Fire Elementalist, began the quest for the Orb.
     0 | D:1      | Reached XP level 1. HP: 10/10 MP: 3/3
   385 | D:1      | Reached XP level 2. HP: 15/15 MP: 3/5
   817 | D:1      | Reached XP level 3. HP: 16/19 MP: 6/6
  1132 | D:2      | Reached skill level 4 in Fire Magic
  1199 | D:2      | Learned a level 3 spell: Conjure Flame
  1295 | D:2      | Reached XP level 4. HP: 24/24 MP: 8/8
  1664 | D:3      | Found an iron altar of Okawaru.
  1894 | D:3      | Noticed a centaur
  1928 | D:3      | Slain by a centaur

Action                   |  1- 3 |  4- 6 || total
-------------------------+-------+-------++-------
Melee: Unarmed           |     3 |       ||     3
       Club              |    32 |       ||    32
       Whip              |    18 |    13 ||    31
Throw: Stone             |       |    12 ||    12
 Cast: Flame Tongue      |    24 |    10 ||    34
       Conjure Flame     |       |     1 ||     1
